 Dungeon Crawl Stone Soup version 0.27-a0-3-gcf006a40f5 (webtiles) character file.

Game seed: 17334020104677516020

1190 Conn the Firebug (level 8, 0/48 HPs)
             Began as an Octopode Fire Elementalist on Jan 1, 2021.
             Was an Initiate of Sif Muna.
             Slain by a worker ant (8 damage)
             ... on level 6 of the Dungeon.
             The game lasted 00:15:18 (7661 turns).

Conn the Firebug (Octopode Fire Elementalist)       Turns: 7661, Time: 00:15:19

Health: 0/48       AC:  3    Str:  7    XL:     8   Next: 43%
Magic:  12/14      EV: 14    Int: 19    God:    Sif Muna [......]
Gold:   265        SH:  0    Dex: 13    Spells: 4/15 levels left

rFire    . . .     SeeInvis .   a - +2 quarterstaff (chaos)
rCold    . . .     Faith    .   (shield currently unavailable)
rNeg     . . .     Spirit   .   p - +2 hat
rPois    .         Reflect  .   h - amulet of the acrobat
rElec    .         Harm     .   (no ring)
rCorr    .         Rampage  .   (no ring)
Will     .....                  (no ring)
Stlth    ++++......             (no ring)
HPRegen  0.16/turn              (no ring)
MPRegen  0.14/turn              (no ring)
                                (no ring)
                                (no ring)

@: lethally poisoned (0 -> -4)
A: almost no armour, stealthy swim, amphibious, 8 rings, constrict 8, camouflage
1, gelatinous body 1
a: Renounce Religion


You were on level 6 of the Dungeon.
You worshipped Sif Muna.
Sif Muna was noncommittal.
You visited 2 branches of the dungeon, and saw 7 of its levels.

You collected 265 gold pieces.

Inventory:

Hand Weapons
 a - a +2 quarterstaff of chaos (weapon)
 f - a +0 dagger
 r - a +0 shortbow of flaming
Missiles
 g - 4 atropa-tipped darts
 i - 11 poisoned darts
 s - 12 arrows
Armour
 p - a +2 hat (worn)
Jewellery
 h - an amulet of the acrobat (around mantle)
 q - an uncursed amulet of reflection {unknown}
Scrolls
 c - 4 scrolls of identify
 e - a scroll of noise {unknown}
 k - 2 scrolls of fear {unknown}
 l - 2 scrolls of teleportation
 m - 3 scrolls of immolation {unknown}
 n - a scroll of remove curse
 o - 2 scrolls of enchant weapon {unknown}
 t - a scroll of summoning {unknown}
Potions
 b - a potion of mutation {unknown}
 d - 2 potions of flight {unknown}
 j - a potion of magic {unknown}


   Skills:
 + Level 1.5 Fighting
 + Level 2.8 Staves
 + Level 1.4 Throwing
 + Level 2.8 Dodging
 + Level 4.5 Stealth
 + Level 4.2 Spellcasting
 * Level 4.8 Conjurations
 * Level 5.9 Fire Magic


You had 4 spell levels left.
You knew the following spells:

 Your Spells              Type           Power        Failure   Level
a - Foxfire               Conj/Fire      96%          1%          1
b - Conjure Flame         Conj/Fire      24%          4%          3
c - Inner Flame           Hex/Fire       15%          12%         3
d - Sticky Flame          Conj/Fire      24%          14%         4

Your spell library contained the following spells:

 Spells                   Type           Power        Failure   Level
 Fireball                 Conj/Fire      12%          38%         5


Dungeon Overview and Level Annotations

Branches:
Dungeon (6/15)             Temple (1/1) D:6

Altars:
Cheibriados
Dithmenos
Kikubaaqudgha
Makhleb
Nemelex Xobeh
Ru
Sif Muna
Trog
Uskayaw
Zin

Annotations:
D:6 2 transporters


Innate Abilities, Weirdness & Mutations

You cannot wear most types of armour.
You are very stealthy in the water. (Stealth+)
You are amphibious.
You can wear up to eight rings at the same time.
You can use your tentacles to constrict eight enemies at once.
Your skin changes colour to match your surroundings (Stealth+).
Your rubbery body absorbs attacks. (AC +1, EV +1)


Message History

You climb downwards.
Level annotation: 2 transporters
There is a stone staircase leading up, spattered with blood here.
Unknown command.
Casting: Foxfire (safe; 1% risk of failure)
Confirm with . or Enter, or press ? or * to list all spells.
You conjure some foxfire!
The worker ant bites you.
* * * LOW HITPOINT WARNING * * *
You are poisoned.
The worker ant poisons you! The orc closely misses you.
You feel sick.
The foxfire hits the worker ant.
The worker ant is moderately wounded.
The foxfire hits the worker ant but does no damage.
The worker ant is moderately wounded.
The worker ant misses you. The orc completely misses you.
Unknown command.
Casting: Foxfire (safe; 1% risk of failure)
Confirm with . or Enter, or press ? or * to list all spells.
You conjure some foxfire!
You feel sick. The worker ant bites you!
You die...

## #.##. ###.....
###.......
###..#$....### ###
.............###.##
...........#.#.v.v#
.#.............B@#
###.........##..o#
.##..........##†##
.###........###..#
.##.........##...#
..###...........##
...##...<....#...##
...####.........).#
...# #..###......##


You could see a worker ant and an orc.

Vanquished Creatures
  A phantom (D:6)
  3 ogres
  A centaur (D:6)
  2 scorpions
  A howler monkey (D:5)
  A hound (D:3)
  3 orc priests (D:3)
  Crazy Yiuf (D:2)
  A centaur skeleton (D:4)
  2 orc wizards
  7 worker ants
  A worker ant zombie (D:5)
  7 adders
  A shadow imp (D:6)
  3 white imps
  3 oozes
  An adder skeleton (D:4)
  4 worms
  3 dart slugs
  4 leopard geckos
  18 orcs
  11 bats
  7 giant cockroaches
  5 goblins
  5 hobgoblins
  2 jackals (D:4)
  5 quokkas
  6 frilled lizards
  A jackal skeleton (D:5)
  5 kobolds
  7 rats
122 creatures vanquished.

Vanquished Creatures (others)
  395 foxfires
395 creatures vanquished.

Grand Total: 517 creatures vanquished

Notes
Turn   | Place    | Note
-------+----------+-------------------------------------------
     0 | D:1      | Conn the Octopode Fire Elementalist began the quest for the
                  | Orb.
     0 | D:1      | Reached XP level 1. HP: 11/11 MP: 3/3
   188 | D:1      | Reached XP level 2. HP: 8/17 MP: 1/5
   991 | D:1      | Reached XP level 3. HP: 19/21 MP: 2/6
   995 | D:1      | Learned a level 3 spell: Conjure Flame
  2005 | D:2      | Reached XP level 4. HP: 26/27 MP: 4/7
  2346 | D:2      | Found a bloodstained altar of Trog.
  2460 | D:2      | Found a runed translucent door.
  2461 | D:2      | Noticed Crazy Yiuf
  2601 | D:3      | Found a glowing silver altar of Zin.
  2602 | D:3      | Found a snail-covered altar of Cheibriados.
  2842 | D:2      | Killed Crazy Yiuf
  2843 | D:2      | Reached skill level 4 in Fire Magic
  3079 | D:2      | Reached XP level 5. HP: 31/32 MP: 4/9
  3391 | D:3      | Reached skill level 1 in Throwing
  4142 | D:3      | Reached XP level 6. HP: 37/37 MP: 10/10
  4147 | D:3      | Learned a level 3 spell: Inner Flame
  4152 | D:3      | Learned a level 4 spell: Sticky Flame
  4162 | D:3      | Reached skill level 1 in Staves
  5149 | D:3      | Found a burning altar of Makhleb.
  5664 | D:4      | Reached XP level 7. HP: 40/42 MP: 4/12
  5778 | D:4      | Reached skill level 5 in Fire Magic
  6396 | D:5      | Entered Level 5 of the Dungeon
  6446 | D:5      | Reached skill level 1 in Fighting
  6807 | D:6      | Reached XP level 8. HP: 38/48 MP: 10/14
  7019 | D:6      | Found a hide-covered altar of Uskayaw.
  7235 | D:6      | Found a staircase to the Ecumenical Temple.
  7246 | Temple   | Entered the Ecumenical Temple
  7315 | Temple   | Became a worshipper of Sif Muna the Loreminder
  7452 | D:6      | Found a transporter.
  7456 | D:6      | Found a transporter.
  7661 | D:6      | Slain by a worker ant

Illustrated notes

Levels and vault maps discovered:
D:1:      onia_arrival_mini_maze_b, layout_basic
D:2:      layout_rooms, lemuel_crystal_altar, uniq_crazy_yiuf_cottage
D:3:      minmay_general_purpose_star, layout_basic,
          chequers_temple_overflow_statue_of_worship,
          makhleb_blood_cavern_becter
D:4:      layout_basic
D:5:      layout_basic
D:6:      gammafunk_steamed_eel, layout_cave_pools,
          nicolae_overflow_crystal_walls, minmay_temple_entry_trees,
          minmay_misc_feat_rugged, kennysheep_another_room
Temple:   regret_index_temple_generic_petals

Skill      XL: |  1  2  3  4  5  6  7 |
---------------+----------------------+-----
Stealth        | 3 4 |  4.5
Conjurations   | 2 3 4 |  4.8
Fire Magic     | 4 5 |  5.9
Throwing       | 1 |  1.4
Spellcasting   | 3 4 |  4.2
Staves         | 1 2 |  2.8
Fighting       | 1 |  1.5
Dodging        | |  2.8

Action                   |  1- 3 |  4- 6 |  7- 9 || total
-------------------------+-------+-------+-------++-------
Melee: Unarmed           |     1 |       |       ||     1
       Quarterstaff      |       |    36 |    32 ||    68
       Dagger            |       |     6 |       ||     6
       Tentacles         |       |     7 |     3 ||    10
       Constrict         |       |    11 |    11 ||    22
Throw: Dart              |       |    15 |       ||    15
 Cast: Foxfire           |    60 |   116 |    59 ||   235
       Conjure Flame     |       |     1 |       ||     1
  Use: Scroll            |     2 |     2 |       ||     4
       Potion            |       |     5 |       ||     5
 Stab: Sleeping          |       |     1 |     2 ||     3
Armor: Skin              |     2 |     6 |     7 ||    15
Dodge: Dodged            |    24 |    85 |    53 ||   162

Table legend: (Time is in decaauts)
 A = Elapsed time spent in this place.
 B = Non-inter-level travel time spent in this place.
 C = Inter-level travel time spent in this place.
 D = Time resting spent in this place.
 E = Time spent auto-exploring this place.
 F = Levels seen in this place.
 G = Mean time per level.
                   A        B        C        D        E       F      G
               +--------+--------+--------+--------+--------+-----+--------+
         Total |   7652 |   7535 |    117 |   1997 |   3924 |   7 | 1093.1 |
       Dungeon |   7564 |   7465 |     99 |   1997 |   3880 |   6 | 1260.7 |
        Temple |     87 |     69 |     18 |      0 |     44 |   1 |   87.0 |
               +--------+--------+--------+--------+--------+-----+--------+

Top non-repeatable levels by time:
     D:2: 2111 daAuts
     D:1: 1610 daAuts
     D:3: 1598 daAuts
     D:4: 1061 daAuts
     D:6: 757 daAuts
     D:5: 426 daAuts
  Temple: 87 daAuts
